 Dungeon Crawl Stone Soup version 0.23.2-1-ga50397a (webtiles) character file.

Game seed: 16435770018969474499

111 diana the Skirmisher (level 4, -5/35 HPs)
             Began as a Demonspawn Gladiator on May 3, 2019.
             Slain by a gnoll
             ... wielding a +0 flail
              (13 damage)
             ... on level 2 of the Dungeon.
             The game lasted 00:04:29 (1842 turns).

diana the Skirmisher (Demonspawn Gladiator)         Turns: 1842, Time: 00:04:29

Health: -5/35      AC:  5    Str: 16    XL:     4   Next: 62%
Magic:  4/4        EV: 13    Int:  9    God:
Gold:   133        SH:  0    Dex: 14    Spells: 3/3 levels left

rFire    . . .     SeeInvis .   a - +0 quarterstaff
rCold    . . .     Gourm    .   (shield currently unavailable)
rNeg     . . .     Faith    .   b - +0 leather armour
rPois    .         Spirit   .   c - +0 helmet
rElec    .         Reflect  .   (no cloak)
rCorr    .         Harm     .   (no gloves)
MR       .....                  i - +0 pair of boots
Stlth    +.........             (no amulet)
HPRegen  0.11/turn              (no ring)
MPRegen  0.09/turn              (no ring)

@: no status effects
A: hooves 1, powered by death 1
a: no special abilities


You were on level 2 of the Dungeon.
You were not hungry.

You visited 1 branch of the dungeon, and saw 2 of its levels.

You collected 133 gold pieces.

Inventory:

Hand Weapons
 a - a +0 quarterstaff (weapon)
Missiles
 d - 4 throwing nets (quivered)
Armour
 b - a +0 leather armour (worn)
 c - a +0 helmet (worn)
 i - a +0 pair of boots (worn)
Jewellery
 h - a +3 ring of protection {unknown}
Wands
 n - a wand of iceblast (6)
Scrolls
 g - 3 scrolls of remove curse {unknown}
 l - a scroll of teleportation {unknown}
 m - a scroll of enchant weapon {unknown}
 o - a scroll of identify {unknown}
 p - a scroll of noise {unknown}
Potions
 e - a potion of berserk rage {unknown}
 j - a potion of curing {unknown}
 k - a potion of flight {unknown}
Comestibles
 f - 4 rations


   Skills:
 * Level 3.4 Fighting
 + Level 3.2 Staves
 - Level 1.7 Throwing
 + Level 1.4 Armour
 + Level 3.2 Dodging


You had 3 spell levels left.
You didn't know any spells.
Your spell library was empty.

Dungeon Overview and Level Annotations

Branches:
Dungeon (2/15)

Altars:
Dithmenos


Innate Abilities, Weirdness & Mutations

You have large cloven feet.
You regenerate a little health from kills.


Message History

You are too injured to fight recklessly!
You are too injured to fight recklessly!
You are too injured to fight recklessly!
You are too injured to fight recklessly!
You are too injured to fight recklessly!
You are too injured to fight recklessly!
You are too injured to fight recklessly!
You are too injured to fight recklessly!
You are too injured to fight recklessly!
You are too injured to fight recklessly!
You are too injured to fight recklessly!
You are too injured to fight recklessly!
You hit the gnoll but do no damage.
The gnoll is moderately wounded.
The gnoll hits you with a +0 flail!
* * * LOW HITPOINT WARNING * * *
You hit the gnoll.
The gnoll is heavily wounded.
The gnoll hits you with a +0 flail!
You die...

#.#####.# #......#.# #.##### #.
##.###......#.# #.# .
............#.# #.#
##.##.#'##############.#####
.....##.##.#.#####...............
.................................
........##.#............###.####.
......# #.#...†........# #.# #.
..##..# #.#...g@.......# #.####.
......####.#............# #......
..##.....)....####......# ######.
..........<...####......# #.
.........#.##....#......# #.
..#...##.####....#......# #.
..#.#............#......# #.
..#.####..###....#......########.
.>...............'...............


You could see a gnoll.

Vanquished Creatures
  3 gnolls
  2 adders (D:2)
  2 dart slugs (D:1)
  2 worms (D:2)
  3 leopard geckos
  3 bats
  3 giant cockroaches
  9 goblins
  6 hobgoblins (D:1)
  4 jackals (D:1)
  8 kobolds
  3 frilled lizards
  4 rats
52 creatures vanquished.

Notes
Turn   | Place    | Note
-------+----------+-------------------------------------------
     0 | D:1      | diana the Demonspawn Gladiator began the quest for the Orb.
     0 | D:1      | Reached XP level 1. HP: 16/16 MP: 1/1
    77 | D:1      | Gained mutation: You regenerate a little health from kills.
                  | [demonic ancestry]
    77 | D:1      | Reached XP level 2. HP: 16/22 MP: 2/2
   330 | D:1      | Reached XP level 3. HP: 27/28 MP: 3/3
   406 | D:1      | Reached skill level 1 in Armour
   764 | D:2      | Found a shadowy altar of Dithmenos.
  1285 | D:2      | Gained mutation: You have large cloven feet. [demonic
                  | ancestry]
  1285 | D:2      | Reached XP level 4. HP: 19/35 MP: 4/4
  1842 | D:2      | Slain by a gnoll

Skill      XL: |  1  2  3 |
---------------+----------+-----
Staves         | 3 |  3.2
Armour         | 1 |  1.4
Dodging        | 3 |  3.2
Fighting       | 3 |  3.4
Throwing       | |  1.7

Action                   |  1- 3 |  4- 6 || total
-------------------------+-------+-------++-------
Melee: Quarterstaff      |   115 |    41 ||   156
 Stab: Sleeping          |       |     1 ||     1
  Eat: Chunk             |       |     3 ||     3
Armor: Leather armour    |    48 |    11 ||    59
Dodge: Dodged            |    93 |    21 ||   114
